2437 views
Uploaded 2021-09-13 11:07:58
Game version 1.32.10
41:34 long 1on1 ladder game on (3)NomadIsles
Saved by xzz
2437 views
Uploaded 2021-09-13 11:07:58
Game version 1.32.10
41:34 long 1on1 ladder game on (3)NomadIsles

/ 0.3k
15 buildings @ 1.6k
/ 0.6k


| Peasant | 10 | 750 | / | 0 |
| Footman | 6 | 810 | / | 0 |
| Siege Engine | 2 | 390 | / | 120 |
| Knight | 2 | 490 | / | 120 |
| Gryphon Rider | 1 | 280 | / | 70 |
| total: | 21 | 2720g | / | 310w |
| Farm | 9 | 720 | / | 180 |
| Altar of Kings | 1 | 180 | / | 50 |
| Barracks | 1 | 160 | / | 60 |
| Blacksmith | 1 | 140 | / | 60 |
| Lumber Mill | 1 | 120 | / | 0 |
| Workshop | 1 | 140 | / | 140 |
| Gryphon Aviary | 1 | 140 | / | 150 |
| Keep | 1 | 320 | / | 210 |
| Castle | 1 | 360 | / | 210 |
| total: | 15 | 1600g | / | 640w |
| 0:04 | Peasant |
| 0:04 | Peasant |
| 0:25 | Farm |
| 0:30 | Peasant |
| 0:44 | Peasant |
| 0:49 | Peasant |
| 0:56 | Altar of Kings |
| 1:06 | Farm |
| 1:11 | Barracks |
| 1:20 | Peasant |
| 1:20 | Peasant |
| 1:38 | Peasant |
| 1:49 | Farm |
| 1:53 | Peasant |
| 2:14 | Footman |
| 2:26 | Blacksmith |
| 2:35 | Footman |
| 2:40 | Farm |
| 2:58 | Peasant |
| 3:04 | Summon Water Elemental |
| 3:08 | Footman |
| 3:20 | Keep |
| 3:27 | Farm |
| 3:46 | Footman |
| 4:02 | Iron Forged Swords |
| 4:14 | Farm |
| 4:17 | Footman |
| 4:54 | Lumber Mill |
| 5:09 | Iron Plating |
| 5:14 | Farm |
| 6:00 | Improved Lumber Harvesting |
| 6:07 | Farm |
| 6:14 | Castle |
| 6:22 | Black Gunpowder |
| 6:59 | Storm Bolt |
| 7:05 | Brilliance Aura |
| 7:13 | Studded Leather Armor |
| 7:20 | Workshop |
| 7:52 | Gryphon Aviary |
| 7:55 | Steel Forged Swords |
| 8:05 | Footman |
| 8:22 | Advanced Lumber Harvesting |
| 8:33 | Farm |
| 8:38 | Animal War Training |
| 8:40 | Siege Engine |
| 9:20 | Bash |
| 9:22 | Knight |
| 9:24 | Gryphon Rider |
| 9:37 | Siege Engine |
| 9:42 | Steel Plating |
| 10:31 | Summon Water Elemental |
| 10:47 | Knight |
| 10:52 | Barrage |
| Select | 146 |
| Right click | 145 |
| Select group | 93 |
| Build/train/purchase | 50 |
| Chat | 11 |
| Use ability | 8 |
| Assign group | 7 |
| Esc | 1 |
31 units @ 4.1k
/ 0.8k
51 buildings @ 6.7k
/ 3.9k

x1)
| Lesser Clarity Potion | 9 | 630 |
| Healing Salve | 4 | 400 |
| Scroll of Speed | 3 | 150 |
| Orb of Lightning | 1 | 375 |
| Potion of Mana | 4 | 800 |
| Scroll of Healing | 1 | 250 |
| Scroll of Protection | 1 | 150 |
| Staff of Teleportation | 1 | 150 |
| Circlet of Nobility | 2 | 350 |
| Tome of Retraining | 1 | 300 |
| total: | 27 | 3555g |
| Peon | 11 | 825 | / | 0 |
| Troll Batrider | 18 | 2880 | / | 720 |
| Raider | 1 | 180 | / | 40 |
| Goblin Zeppelin | 1 | 240 | / | 60 |
| total: | 31 | 4125g | / | 820w |
| Watch Tower | 32 | 3520 | / | 2560 |
| Altar of Storms | 1 | 180 | / | 50 |
| Orc Burrow | 7 | 1120 | / | 280 |
| Voodoo Lounge | 3 | 390 | / | 90 |
| War Mill | 1 | 205 | / | 0 |
| Barracks | 1 | 180 | / | 50 |
| Great Hall | 1 | 385 | / | 185 |
| Beastiary | 5 | 725 | / | 700 |
| Stronghold | 2 | 630 | / | 380 |
| Fortress | 1 | 325 | / | 190 |
| total: | 51 | 6705g | / | 3915w |
| 0:08 | Peon |
| 0:08 | Peon |
| 0:10 | Altar of Storms |
| 0:14 | Orc Burrow |
| 0:32 | Peon |
| 0:40 | Voodoo Lounge |
| 0:52 | Peon |
| 1:07 | Peon |
| 1:19 | Peon |
| 1:38 | Peon |
| 1:56 | Stronghold |
| 2:11 | Lesser Clarity Potion |
| 2:15 | Wind Walk |
| 2:21 | War Mill |
| 3:34 | Watch Tower |
| 3:37 | Watch Tower |
| 3:45 | Watch Tower |
| 3:54 | Healing Salve |
| 3:57 | Lesser Clarity Potion |
| 4:01 | Scroll of Speed |
| 4:18 | Beastiary |
| 4:23 | Peon |
| 4:24 | Peon |
| 4:51 | Beastiary |
| 4:54 | Peon |
| 4:57 | Orc Burrow |
| 5:36 | Peon |
| 5:55 | Troll Batrider |
| 6:00 | Fortress |
| 6:09 | Orc Burrow |
| 6:12 | Orc Burrow |
| 6:18 | Troll Batrider |
| 7:01 | Troll Batrider |
| 7:13 | Troll Batrider |
| 7:32 | Troll Batrider |
| 7:34 | Orc Burrow |
| 7:59 | Troll Batrider |
| 8:19 | Voodoo Lounge |
| 8:26 | Liquid Fire |
| 8:36 | Troll Batrider |
| 9:01 | Troll Batrider |
| 9:03 | Healing Salve |
| 9:20 | Steel Ranged Weapons |
| 9:36 | Watch Tower |
| 9:43 | Troll Batrider |
| 9:55 | Troll Batrider |
| 10:00 | Scroll of Speed |
| 10:08 | Reinforced Defenses |
| 10:55 | Watch Tower |
| 10:57 | Raider |
| 11:26 | Critical Strike |
| 11:42 | Troll Batrider |
| 12:07 | Barracks |
| 12:29 | Orb of Lightning |
| 12:39 | Troll Batrider |
| 12:50 | Lesser Clarity Potion |
| 13:11 | Troll Batrider |
| 13:19 | Troll Batrider |
| 14:08 | Troll Batrider |
| 14:29 | Steel Armor |
| 14:50 | Scroll of Healing |
| 14:51 | Scroll of Protection |
| 14:53 | Staff of Teleportation |
| 15:10 | Ensnare |
| 15:19 | Troll Batrider |
| 15:25 | Watch Tower |
| 15:29 | Watch Tower |
| 15:38 | Healing Salve |
| 15:59 | Troll Regeneration |
| 16:01 | Scroll of Speed |
| 16:12 | Thorium Ranged Weapons |
| 16:30 | Orc Burrow |
| 16:30 | Orc Burrow |
| 17:18 | Thorium Armor |
| 18:21 | Wind Walk |
| 19:20 | Critical Strike |
| 19:37 | Spiked Barricades |
| 19:41 | Pillage |
| 21:03 | Wind Walk |
| 21:17 | Troll Batrider |
| 21:21 | Beastiary |
| 21:29 | Beastiary |
| 21:31 | Beastiary |
| 22:40 | Troll Batrider |
| 23:40 | Arcanite Ranged Weapons |
| 23:41 | Arcanite Armor |
| 23:42 | Improved Spiked Barricades |
| 23:49 | Great Hall |
| 23:51 | Watch Tower |
| 23:52 | Watch Tower |
| 23:53 | Watch Tower |
| 23:53 | Watch Tower |
| 23:54 | Watch Tower |
| 23:55 | Watch Tower |
| 23:57 | Watch Tower |
| 23:59 | Watch Tower |
| 24:00 | Watch Tower |
| 25:03 | Watch Tower |
| 25:06 | Watch Tower |
| 25:07 | Watch Tower |
| 25:08 | Watch Tower |
| 25:11 | Watch Tower |
| 25:12 | Watch Tower |
| 25:14 | Watch Tower |
| 25:16 | Watch Tower |
| 26:41 | Watch Tower |
| 27:52 | Watch Tower |
| 27:53 | Watch Tower |
| 27:56 | Watch Tower |
| 27:57 | Watch Tower |
| 29:14 | Lesser Clarity Potion |
| 29:15 | Potion of Mana |
| 29:19 | Healing Salve |
| 29:52 | Watch Tower |
| 31:13 | Circlet of Nobility |
| 31:32 | Watch Tower |
| 32:22 | Goblin Zeppelin |
| 34:20 | Lesser Clarity Potion |
| 34:27 | Potion of Mana |
| 34:29 | Lesser Clarity Potion |
| 34:47 | Watch Tower |
| 36:41 | Circlet of Nobility |
| 37:07 | Tome of Retraining |
| 37:07 | Retrain Hero |
| 37:15 | Mirror Image |
| 37:16 | Mirror Image |
| 37:16 | Mirror Image |
| 37:17 | Wind Walk |
| 37:17 | Wind Walk |
| 37:43 | Lesser Clarity Potion |
| 37:46 | Potion of Mana |
| 37:50 | Potion of Mana |
| 37:54 | Stronghold |
| 38:15 | Lesser Clarity Potion |
| 38:23 | Voodoo Lounge |
| 38:36 | Lesser Clarity Potion |
| Right click | 1465 |
| Select | 619 |
| Build/train/purchase | 191 |
| Select group | 113 |
| Use ability | 41 |
| Assign group | 19 |
| Misc. action | 17 |
| Item give/drop | 13 |